 Dungeon Sprint DCSS version 0.29-a0-364-g921d912d32 (webtiles) character file.

Game seed: 14970239679908559343

490 mhtbhm the Cleaver (level 6, -23/62 HPs)
             Began as a Draconian Berserker on Apr 30, 2022.
             Was an Elder of Trog.
             Killed from afar by a merfolk aquamancer (33 damage)
             ... with a shard of ice
             ... in the Dungeon (Sprint VII: "The Pits").
             The game lasted 00:01:10 (670 turns).

mhtbhm the Cleaver (Draconian Berserker)             Turns: 670, Time: 00:01:11

Health: -23/62     AC:  6    Str: 21    XL:     6   Next: 90%
Magic:  6/6        EV: 14    Int:  8    God:    Trog [****..]
Gold:   0          SH:  0    Dex: 10    Spells: 5/5 levels left

rFire   . . .      SeeInvis .   a - +2 hand axe (vorpal)
rCold   . . .      Faith    .   (no shield)
rNeg    . . .      Spirit   .   (body armour unavailable)
rPois   .          Reflect  .   (helmet restricted)
rElec   .          Harm     .   (no cloak)
rCorr   .          Rampage  .   (no gloves)
Will    .....      NoTele   +   (no boots)
Stlth   ++........              (no amulet)
HPRegen 0.20/turn               (no ring)
MPRegen 0.10/turn               (no ring)

@: no status effects
A: AC +6, unfitting armour, cold-blooded
a: Renounce Religion, Berserk, Trog's Hand, Brothers in Arms


You were in the Dungeon.
You worshipped Trog.
Trog was greatly pleased with you.
You visited 1 branch

Inventory:

Hand Weapons
 a - a +2 vorpal hand axe (weapon)
Scrolls
 i - a scroll of summoning
Potions
 b - 6 potions of curing
 c - 3 potions of heal wounds
 d - a potion of haste
 e - 4 potions of magic
 f - 3 potions of berserk rage
 h - 2 potions of invisibility


   Skills:
 + Level 8.9 Fighting
 + Level 10.3 Axes
 + Level 7.7 Dodging
 + Level 2.0 Stealth


You had 5 spell levels left.
You didn't know any spells.
Your spell library was empty.

Dungeon Overview and Level Annotations

Branches:
Dungeon (1/1)

Altars:
Gozag
Hepliaklqana
Sif Muna
Trog
Jiyva


Innate Abilities, Weirdness & Mutations

Your plain brown scales are hard. (AC +6)
You cannot fit into any form of body armour.
You are cold-blooded and may be slowed by cold attacks.


Message History

A merfolk aquamancer comes into view. It is wielding a +0 rapier.
The merfolk aquamancer shouts!
You barely miss the merfolk aquamancer. You tail-slap the merfolk aquamancer.
Your punch misses the merfolk aquamancer.
The merfolk aquamancer is lightly wounded.
The merfolk aquamancer hits you with a +0 rapier!
You hit the merfolk aquamancer.
The merfolk aquamancer is lightly wounded.
The merfolk aquamancer misses you.
You closely miss the merfolk aquamancer.
The merfolk aquamancer is lightly wounded.
The merfolk aquamancer gestures at you while chanting.
The ball of steam hits you!!!
Ouch! That really hurt!
* * * LOW HITPOINT WARNING * * *
You are too injured to fight recklessly!
You are too injured to fight recklessly!
You are too injured to fight recklessly!
You are too injured to fight recklessly!
You are too injured to fight recklessly!
You are too injured to fight recklessly!
You are too injured to fight recklessly!
You are too injured to fight recklessly!
You are too injured to fight recklessly!
You feel much better.
You are engulfed in a cloud of scalding steam.
The merfolk aquamancer hits you with a +0 rapier!!
* * * LOW HITPOINT WARNING * * *
Blink to where?
Press: ? - help, Dir - move target
As you read the scroll of blinking, it crumbles to dust.
Your deep troll goes berserk!
Trog will no longer gift you weapons.
The merfolk aquamancer casts a spell.
The merfolk aquamancer blinks!
Unknown command.
The merfolk aquamancer points at you and mumbles some strange words.
The shard of ice hits you!!
Ouch! That really hurt!
You die...

#)#..#†.#..##.....
#)##'#..#'###...<.
#)#...†....##.....
#)#........##.....
#'###########.....
#....†..# ######
#.###)..#
#.#.....#
#@#...#.#+#
#.....#.#.+
#...###.#'#
#..T.m..'§#
###########


You could see a merfolk aquamancer (ally target) and a friendly deep troll
(summoned, berserk).

Vanquished Creatures
  A flying skull (D)
  An ogre (D)
  A wolf (D)
  A gnoll sergeant (D)
  An iron imp (D)
  4 gnolls (D)
  An ufetubus (D)
  An adder skeleton (D)
  A worm (D)
  5 bats (D)
  A bat zombie (D)
  An endoplasm (D)
  2 jackals (D)
  A frilled lizard (D)
22 creatures vanquished.

Notes
Turn   | Place    | Note
-------+----------+-------------------------------------------
     0 | D        | mhtbhm the Draconian Berserker began the quest for the Orb.
     0 | D        | Reached XP level 1. HP: 19/19 MP: 1/1
    68 | D        | Reached ** piety under Trog
    83 | D        | Reached *** piety under Trog
    84 | D        | Reached skill level 4 in Axes
    84 | D        | Reached XP level 2. HP: 21/27 MP: 2/2
   246 | D        | Reached **** piety under Trog
   285 | D        | Found a bloodstained altar of Trog.
   285 | D        | Found a shimmering blue altar of Sif Muna.
   285 | D        | Found a viscous altar of Jiyva.
   285 | D        | Found a hazy altar of Hepliaklqana.
   285 | D        | Found an opulent altar of Gozag.
   308 | D        | Noticed a gnoll sergeant
   308 | D        | Noticed an ogre
   322 | D        | Noticed a wolf
   324 | D        | Reached skill level 5 in Fighting
   324 | D        | Reached skill level 5 in Axes
   324 | D        | Reached XP level 3. HP: 36/36 MP: 3/3
   324 | D        | Noticed a flying skull
   337 | D        | Killed a gnoll sergeant
   338 | D        | Reached skill level 6 in Axes
   338 | D        | Reached skill level 5 in Dodging
   338 | D        | Reached skill level 1 in Stealth
   338 | D        | Reached XP level 4. HP: 40/44 MP: 4/4
   340 | D        | Killed a wolf
   340 | D        | Reached ***** piety under Trog
   341 | D        | Reached skill level 8 in Axes
   341 | D        | Reached XP level 5. HP: 48/52 MP: 5/5
   349 | D        | Killed a flying skull
   349 | D        | Received a gift from Trog
   350 | D        | Reached skill level 9 in Axes
   350 | D        | Reached XP level 6. HP: 37/62 MP: 6/6
   549 | D        | Reached skill level 10 in Axes
   661 | D        | Noticed a merfolk aquamancer
   670 | D        | Killed from afar by a merfolk aquamancer

Illustrated notes

Levels and vault maps discovered:
D:        pitsprint [storerooms_1, entrance_room_1, metal_vault_7, armoury_1,
          mini_pit_1, grid_room_1, main_hall_1, silver_pit, the_coven_1,
          the_vestibule_1, steel_vault_4, golden_pit, hallway_of_sentries,
          crystal_vault_3, iron_vault_1, final_vault]

Skill      XL: |  1  2  3  4  5  6 |
---------------+-------------------+-----
Dodging        | 3 4 5 6 7 |  7.7
Axes           | 4 5 6 8 9 10 | 10.3
Fighting       | 5 6 7 8 |  8.9
Stealth        | 1 2 |  2.0

Action                   |  1- 3 |  4- 6 || total
-------------------------+-------+-------++-------
Melee: Hand axe          |    51 |    30 ||    81
       Tailslap          |     8 |     4 ||    12
Invok: Berserk           |     1 |       ||     1
       Brothers in Arms  |       |     1 ||     1
  Use: Potion            |     2 |     1 ||     3
       Scroll            |       |     1 ||     1
 Stab: Sleeping          |       |     1 ||     1
Armor: Skin              |    25 |     2 ||    27
Dodge: Dodged            |    61 |    12 ||    73

Table legend: (Time is in decaauts)
 A = Elapsed time spent in this place.
 B = Non-inter-level travel time spent in this place.
 C = Inter-level travel time spent in this place.
 D = Time resting spent in this place.
 E = Time spent auto-exploring this place.
 F = Levels seen in this place.
 G = Mean time per level.
                   A        B        C        D        E       F      G
               +--------+--------+--------+--------+--------+-----+--------+
         Total |    673 |    673 |      0 |    411 |     21 |   1 |  673.0 |
       Dungeon |    673 |    673 |      0 |    411 |     21 |   1 |  673.0 |
               +--------+--------+--------+--------+--------+-----+--------+

Top non-repeatable levels by time:
       D: 673 daAuts
